 Dungeon Crawl Stone Soup version 0.31-a0-198-g2ad674f65e (webtiles) character file.

Game seed: 12278809807782848525

252 qw the Skirmisher (level 5, -6/30 HPs)
             Began as a Deep Elf Hunter on June 25, 2023.
             Killed from afar by Blork the orc (8 damage)
             ... with a puff of flame
             ... on level 4 of the Dungeon.
             The game lasted 00:01:06 (2572 turns).

qw the Skirmisher (Deep Elf Hunter)                 Turns: 2572, Time: 00:01:07

Health: -6/30      AC:  6    Str:  7 (10) XL:     5   Next: 89%
Magic:  7/7        EV: 15    Int: 11 (14) God:
Gold:   244        SH:  0    Dex: 16 (18) Spells: 4/4 levels left

rFire   . . .        Y - +1 shortbow
rCold   + . .        (shield currently unavailable)
rNeg    . . .        h - +0 ring mail
rPois   .            (no helmet)
rElec   .            (no cloak)
rCorr   .            (no gloves)
SInv    .            d - +0 pair of boots
Will    .....        e - amulet of the acrobat
Stlth   +            f - ring of protection from cold
HPRegen 0.25/turn    b - +5 ring of evasion
MPRegen 0.10/turn

%: acrobat
@: no status effects
A: no striking features
a: no special abilities


You were on level 4 of the Dungeon.
You visited 1 branch of the dungeon, and saw 4 of its levels.

You collected 244 gold pieces.


   Skills:
 - Level 2.0 Fighting
 + Level 9.3 Ranged Weapons
 - Level 2.4 Dodging
 - Level 1.2 Stealth


You had 4 spell levels left.
You didn't know any spells.
Your spell library was empty.

Inventory:

Hand Weapons
 Y - a +1 shortbow (weapon)
Armour
 d - a +0 pair of boots (worn)
 h - a +0 ring mail (worn)
Jewellery
 b - a +5 ring of evasion (right hand)
 e - an amulet of the acrobat (around neck)
 f - a ring of protection from cold (left hand)
Scrolls
 a - a scroll of identify
Potions
 c - a potion of magic {unknown}
 g - 3 potions of curing
 i - a potion of resistance

Dungeon Overview and Level Annotations

Branches:
Dungeon (4/15)
 Temple: D:4-7

Altars:
Sif Muna

Annotations:
D:4 Blork the orc


Message History

The kobold throws a poisoned dart.
The poisoned dart hits you!
You are poisoned.
A goblin comes into view. It is wielding a +0 dagger.
An adder comes into view.
Blork the orc completely misses you.
You shoot an arrow. The arrow barely misses Blork the orc.
The adder hisses angrily.
You feel sick. Blork the orc misses you.
Blork the orc hits you but does no damage.
The black bear misses you. The black bear claws you.
The black bear completely misses you.
You shoot an arrow. The arrow hits Blork the orc!
Blork the orc is severely wounded.
You feel sick.
Blork the orc casts a cantrip, but nothing happens.
The black bear bites you. The black bear barely misses you.
The black bear closely misses you.
Blork the orc hits you with a +0 short sword.
You shoot an arrow.
The arrow hits Blork the orc but does no damage.
Blork the orc is severely wounded.
You feel sick.
Blork the orc hits you with a +0 short sword.
The black bear bites you but does no damage.
The black bear claws you. The black bear misses you.
You shoot an arrow. The arrow hits Blork the orc!
Blork the orc is almost dead.
You feel sick.
Blork the orc hits you with a +0 short sword.
The black bear bites you but does no damage.
The black bear claws you. x2
Blork the orc hits you with a +0 short sword.
You shoot an arrow. The arrow barely misses Blork the orc.
The arrow hits the goblin!
You kill the goblin!
You feel sick.
You are no longer poisoned.
Blork the orc points at you and mumbles some strange words.
The puff of flame hits you!
You die...

#............
##...####..#
##....##..#
#........###.#
#............#
###......#####
#.#'#..#
###.##.#
#@S.### #Kho..#
#...8)..#
............
....8...8....
#.(...........#
###....}....###
...........


You could see Blork the orc (fast), a black bear, an adder and a kobold.

Vanquished Creatures
  An orc priest (D:3)
  2 hounds
  6 adders
  A gnoll (D:1)
  3 worms
  4 dart slugs
  11 orcs (D:3)
  7 ball pythons
  4 endoplasms
  2 giant cockroaches (D:1)
  7 goblins
  6 hobgoblins
  6 kobolds
  3 quokkas
  4 bats
  3 frilled lizards
  8 rats
78 creatures vanquished.

Notes
Turn   | Place    | Note
-------+----------+-------------------------------------------
     0 | D:1      | qw the Deep Elf Hunter began the quest for the Orb.
     0 | D:1      | Reached XP level 1. HP: 12/12 MP: 3/3
     0 | D:1      | 0 ||| qw: Version: 0.3-a-22-g0ed2b0b
     0 | D:1      | 0 ||| qw: Game counter: 5135
     0 | D:1      | 0 ||| qw: Melee chars always use a shield: true
     0 | D:1      | 0 ||| qw: God list: Okawaru
     0 | D:1      | 0 ||| qw: Allow faded altars: false
     0 | D:1      | 0 ||| qw: Do Orc after clearing Dungeon:15 true
     0 | D:1      | 0 ||| qw: Do second Lair branch before Depths: true
     0 | D:1      | 0 ||| qw: Lair rune preference: random
     0 | D:1      | 0 ||| qw: Goals: Normal
     0 | D:1      | 0 ||| PLANNING D:1-11
    64 | D:1      | 64 ||| UPGRADING to +0 pair of boots.
   148 | D:1      | Reached skill level 6 in Ranged Weapons
   148 | D:1      | Reached XP level 2. HP: 16/16 MP: 4/4
   384 | D:1      | Reached XP level 3. HP: 20/20 MP: 5/5
   682 | D:1      | 682 ||| UPGRADING to ring of protection from cold.
   683 | D:1      | 683 ||| READING 2 scrolls labelled HACISTR ROURY.
   684 | D:1      | 684 ||| READING 3 scrolls labelled KEYMOZ DUICSE.
   685 | D:1      | 685 ||| DROPPING scroll of butterflies.
   686 | D:1      | 686 ||| DROPPING 2 scrolls of revelation.
   908 | D:2      | Reached skill level 7 in Ranged Weapons
  1134 | D:2      | Reached XP level 4. HP: 25/25 MP: 6/6
  1173 | D:2      | HP: 6/25 [adder (1)]
  1174 | D:2      | HP: 2/25 [adder (3)]
  1322 | D:2      | 1322 ||| Stepping ~*~*~tactically~*~*~ (water).
  1387 | D:2      | Reached skill level 8 in Ranged Weapons
  1445 | D:2      | Found a faded altar of an unknown god.
  1446 | D:2      | Noticed a golden eye
  1447 | D:2      | 1447 ||| UPGRADING to +0 ring mail.
  1457 | D:2      | 1457 ||| FLEEEEING.
  1458 | D:2      | 1458 ||| FLEEEEING.
  1459 | D:2      | 1459 ||| FLEEEEING.
  1465 | D:2      | 1465 ||| FLEEEEING.
  1466 | D:2      | 1466 ||| FLEEEEING.
  1483 | D:2      | 1483 ||| DROPPING +0 leather armour.
  1498 | D:2      | Noticed an eye of devastation
  1499 | D:2      | Noticed a golden eye
  1499 | D:2      | Noticed a great orb of eyes
  1530 | D:2      | Found a shimmering blue altar of Sif Muna.
  1688 | D:2      | 1688 ||| UPGRADING to amulet of the acrobat.
  1693 | D:2      | 1693 ||| READING scroll labelled DECWIHYATS.
  1694 | D:2      | 1694 ||| READING 3 scrolls of identify.
  1694 | D:2      | 1694 ||| IDENTIFYING smoky blue potion
  1695 | D:2      | 1695 ||| READING 2 scrolls of identify.
  1695 | D:2      | 1695 ||| IDENTIFYING pink potion
  1853 | D:3      | Reached XP level 5. HP: 29/29 MP: 7/7
  2110 | D:3      | Reached skill level 9 in Ranged Weapons
  2219 | D:3      | 2219 ||| FLEEEEING.
  2220 | D:3      | 2220 ||| FLEEEEING.
  2492 | D:3      | 2492 ||| UPGRADING to +5 ring of evasion.
  2493 | D:3      | 2493 ||| READING scroll labelled DUFUCHEDGHEL.
  2494 | D:3      | 2494 ||| READING scroll labelled JYXODA ZAMA.
  2495 | D:3      | 2495 ||| READING scroll labelled YFRUME YMET.
  2496 | D:3      | 2496 ||| READING scroll labelled ESIM LEOXAJAM.
  2497 | D:3      | 2497 ||| DRINKING 2 sapphire potions.
  2498 | D:3      | 2498 ||| DROPPING potion of degeneration.
  2534 | D:4      | 2534 ||| PLANNING SEWER
  2562 | D:4      | Noticed Blork the orc
  2562 | D:4      | Noticed a black bear
  2571 | D:4      | HP: 6/30 [black bear (3)]
  2572 | D:4      | HP: 2/30 [poisoned by a kobold]
  2572 | D:4      | Killed from afar by Blork the orc

Levels and vault maps discovered:
D:1:      erik_arrival_cave_to_civilisation [erik_arrival_cave_to_hall],
          layout_basic
D:2:      wander_river, layout_basic, hellmonk_ecumenical_altar_watching_god,
          basic_altar, grunt_decor_fettered, minmay_misc_feat_hallway
D:3:      minmay_general_purpose_star, layout_rooms, nrook_uturn
D:4:      layout_loops_ring, lemuel_coloured_pillars_altar,
          hellmonk_okawaru_the_only_friend_you_need, old_standard_altar,
          minmay_overflow_temple_star_hex, portal_sewer_entry_e, uniq_ijyb,
          uniq_blork_the_orc

Skill      XL: |  1  2  3  4  5 |
---------------+----------------+-----
Ranged Weapons | 6 7 8 9 |  9.3
Fighting       | 2 |  2.0
Dodging        | |  2.4
Stealth        | |  1.2

Action                     |  1- 3 |  4- 6 || total
---------------------------+-------+-------++-------
   Fire: Shortbow          |   110 |   147 ||   257
    Use: Scroll            |     2 |     7 ||     9
         Potion            |       |     1 ||     1
 Armour: Leather armour    |    12 |     5 ||    17
         Ring mail         |       |    20 ||    20
  Dodge: Dodged            |    33 |    50 ||    83

Table legend:
 A = Non-vault XP
 B = Vault XP
 C = Vault XP percentage of total XP
 D = Non-vault monster count
 E = Vault monster count
 F = Vault count percentage of total count
                 A         B        C        D         E       F
            +---------+---------+-------+---------+---------+-------
      Total |     303 |      60 |  16.5 |      74 |       4 |   5.1
            +---------+---------+-------+---------+---------+-------
        D:1 |      47 |       4 |   7.8 |      20 |       2 |   9.1
        D:2 |     123 |       0 |   0.0 |      21 |       0 |   0.0
        D:3 |     130 |      56 |  30.1 |      31 |       2 |   6.1
        D:4 |       3 |       0 |   0.0 |       2 |       0 |   0.0
            +---------+---------+-------+---------+---------+-------
